 Dungeon Crawl Stone Soup version 0.13-b1-17-g3cedf87 (webtiles) character file.

209 Kae the Ruinous (level 4, -4/24 HPs)
             Began as a Tengu Fire Elementalist on Sept 30, 2013.
             Killed by divine providence
             ... invoked by an orc priest
              (16 damage)
             ... on Level 3 of the Dungeon.
             The game lasted 00:04:03 (2108 turns).

Kae the Ruinous (Tengu Fire Elementalist)           Turns: 2108, Time: 00:04:03

HP  -4/24        AC  5     Str  8      XL: 4   Next: 46%
MP   6/9         EV 12     Int 16      God:
Gold 125         SH  0     Dex 15      Spells:  1 memorised,  6 levels left

Res.Fire  : . . .   See Invis. : .   l - +0 orc short sword
Res.Cold  : . . .   Warding    : .   j - +1 robe {rN+}
Life Prot.: + . .   Conserve   : .   (no shield)
Res.Poison: .       Res.Corr.  : .   n - +2 cap
Res.Elec. : .       Clarity    : .   (no cloak)
Sust.Abil.: . .     Spirit.Shd : .   (no gloves)
Res.Mut.  : .       Stasis     : .   (boots unavailable)
Res.Rott. : .       Flight     : .   (no amulet)
Saprovore : . . .                    (no ring)
                                     (no ring)

@: slightly resistant to hostile enchantments, fairly stealthy
A: beak, talons 3
a: no special abilities


You were on level 3 of the Dungeon.
You were not hungry.

You visited 1 branch of the dungeon, and saw 3 of its levels.

You collected 105 gold pieces.

Inventory:

Hand weapons
 l - a +0,+0 orcish short sword (weapon)
Armour
 a - a +0 robe
 j - a +1 robe of positive energy (worn)
 n - a +2 cap (worn)
Comestibles
 c - 4 bread rations
 d - a meat ration
 k - a choko
Scrolls
 e - 3 scrolls of identify {unknown}
 h - 2 scrolls of noise {unknown}
 m - a scroll of enchant weapon I {unknown}
Potions
 f - a potion of agility {unknown}
 g - 2 potions of curing {unknown}
 i - a potion of flight {unknown}
 o - a potion of slowing {unknown}
Books
 b - a book of Flames

   Spells                             Type                      Level
   *Flame Tongue                      Conjuration/Fire             1
   Throw Flame                        Conjuration/Fire             2
   Conjure Flame                      Conjuration/Fire             3
   Inner Flame                        Hexes/Fire                   3
   Sticky Flame                       Conjuration/Fire             4
   Fireball                           Conjuration/Fire             5


   Skills:
 - Level 2.1 Dodging
 - Level 2.0 Stealth
 + Level 2.1 Spellcasting
 * Level 4.0 Conjurations
 + Level 3.8 Fire Magic


You had 6 spell levels left.
You knew the following spells:

 Your Spells              Type           Power        Failure   Level  Hunger
a - Flame Tongue          Conj/Fire      ##...        6%          1    #......


Dungeon Overview and Level Annotations

Branches:
Dungeon (3/27)

Altars:

Annotations:
D:2 Sigmund


Innate Abilities, Weirdness & Mutations

You have a beak for a mouth.
You have claws for feet.


Message History

The orc throws a stone.
The stone hits you!
Casting: Flame Tongue
Confirm with . or Enter, or press ? or * to list all spells.
Aiming: Flame Tongue
Press: ? - help, Shift-Dir - straight line, f - orc
Aim: an orc, wielding an orcish falchion and wearing an orcish chain mail The flame hits the orc.
The orc is lightly wounded.
The orc throws a stone.
The stone hits you!
Casting: Flame Tongue
Confirm with . or Enter, or press ? or * to list all spells.
Aiming: Flame Tongue
Press: ? - help, Shift-Dir - straight line, f/p - orc
Aim: an orc, wielding an orcish falchion and wearing an orcish chain mail (lightly wounded)
The flame hits the orc.
The orc appears unharmed.
The orc is lightly wounded.
The orc priest invokes the aid of Beogh against you.
Something smites you!
Ouch! That really hurt!
You die...

#.'.......# #.#
###########.
#.#....)..# #o# #.
..#.......# #.# #.
.##.......# #o# #.
###.......# #)# ##
#.......# #.#
######### #)# #o# #@#
#'#### ##### ......
#..... #####.o...o.
.....
########...'.......
.....
####.o.o....###.......
..... ...o.########
#....... .... ######
#...?.. ... .?.... ..


You could see an orc priest and 3 orcs.

Vanquished Creatures
  Jessica (D:2)
  An adder (D:2)
  A giant mite (D:3)
  4 giant geckos
  An ooze (D:1)
  2 orcs (D:3)
  2 giant cockroaches
  6 goblins
  3 hobgoblins
  A ball python (D:1)
  9 bats
  A giant newt (D:2)
  4 jackals (D:2)
  3 kobolds
  5 rats
44 creatures vanquished.

Notes
Turn   | Place    | Note
--------------------------------------------------------------
     0 | D:1      | Kae, the Tengu Fire Elementalist, began the quest for the Orb.
     0 | D:1      | Reached XP level 1. HP: 10/10 MP: 3/3
   275 | D:1      | Reached XP level 2. HP: 4/15 MP: 1/5
  1031 | D:2      | Noticed Jessica
  1031 | D:2      | Noticed Sigmund
  1222 | D:2      | Killed Jessica
  1222 | D:2      | Reached XP level 3. HP: 17/19 MP: 4/7
  1625 | D:3      | Reached XP level 4. HP: 24/24 MP: 6/8
  2104 | D:3      | Reached skill level 4 in Conjurations
  2108 | D:3      | Killed from afar by an orc priest

Action                   |  1- 3 |  4- 6 || total
-------------------------+-------+-------++-------
Melee: Unarmed           |    23 |     3 ||    26
 Cast: Flame Tongue      |    48 |    35 ||    83
